 Dungeon Crawl Stone Soup version 0.30.0-19-gbf45117a57 (webtiles) character file.

Game seed: 4108274074715107310

90 qw the Chopper (level 4, -7/28 HPs)
             Began as a Gargoyle Fighter on May 25, 2023.
             Killed from afar by Natasha (9 damage)
             ... with a bolt of dispelling energy
             ... on level 2 of the Dungeon.
             The game lasted 00:00:57 (935 turns).

qw the Chopper (Gargoyle Fighter)                    Turns: 935, Time: 00:00:57

Health: -7/28      AC: 15    Str: 21    XL:     4   Next: 56%
Magic:  4/4        EV:  5    Int:  9    God:
Gold:   93         SH:  4    Dex:  9    Spells: 3/3 levels left

rFire   . . .        Y - +0 war axe
rCold   . . .        c - +0 buckler
rNeg    + . .        h - +0 plate armour
rPois   inf          (no helmet)
rElec   +            (no cloak)
rCorr   .            (no gloves)
SInv    .            (no boots)
Will    .....        (no amulet) Stlth
                     (no ring)
HPRegen 0.24/turn    (no ring)
MPRegen 0.09/turn

%: no passive effects
@: no status effects
A: sickness immunity, AC +3, negative energy resistance 1, electricity
resistance, torment resistance 1, petrification resistance
a: no special abilities


You were on level 2 of the Dungeon.
You visited 1 branch of the dungeon, and saw 2 of its levels.

You collected 93 gold pieces.


Innate Abilities, Weirdness & Mutations

You are immune to sickness and miasma.
Your stone body is resilient. (AC +3)
You are immune to poison.
You resist negative energy. (rN+)
You are resistant to electric shocks. (rElec)
You are resistant to unholy torment.
You are immune to petrification.


   Skills:
 - Level 3.2 Fighting
 + Level 4.2 Axes
 - Level 3.2 Armour
 - Level 3.2 Shields


You had 3 spell levels left.
You didn't know any spells.
Your spell library was empty.

Inventory:

Hand Weapons
 k - a +0 club
 Y - a +0 war axe (weapon)
Armour
 c - a +0 buckler (worn)
 h - a +0 plate armour (worn)
Scrolls
 g - a scroll of identify
Potions
 d - 2 potions of might
 e - 2 potions of curing
 l - a potion of haste {unknown}

Dungeon Overview and Level Annotations

Branches:
Dungeon (2/15)

Altars:

Annotations:
D:2 Natasha


Message History

Natasha is almost dead.
You block the cerulean imp's attack. You block Natasha's attack.
You barely miss Natasha.
Natasha is almost dead.
The cerulean imp hits you but does no damage.
Natasha mumbles some strange words.
You block the cerulean imp's attack.
Natasha zaps a wand.
The bolt of dispelling energy hits you!
Ouch! That really hurt!
You hit Natasha.
Natasha is almost dead.
You hit the cerulean imp. You block the cerulean imp's attack.
Natasha claws you but does no damage. You block the cerulean imp's attack.
You closely miss Natasha.
Natasha is almost dead.
You closely miss the cerulean imp.
The cerulean imp hits you from afar with a +1 spear.
The cerulean imp barely misses you. Natasha claws you but does no damage.
You slash Natasha!
You kill Natasha!
Natasha growls in agony!
The cerulean imp disappears in a puff of smoke! x2
Your Axes skill increases to level 4!
You start resting.
Natasha, Servant of Life and Death comes into view.
She is carrying a wand of quicksilver (6).
You closely miss Natasha.
Natasha zaps a wand.
The bolt of dispelling energy hits you! Natasha claws you but does no damage.
You hit Natasha.
Natasha is lightly wounded.
You block Natasha's attack.
You closely miss Natasha.
Natasha is lightly wounded.
Natasha mumbles some strange words.
You completely miss Natasha.
Natasha is lightly wounded.
Natasha claws you but does no damage.
Natasha zaps a wand.
The bolt of dispelling energy hits you!
You die...

# #. ### .# .#.. #.#
...#######..# ###
#.........# ####..
#%%......## #....# .
#.........# #...##
#.##@........#####.##
#..h...?.............
#.....5...........##...
#.###.........### ####
.. #.....)...#
#......>..# ..
#..###.#### #.#
##..##.# .. ##..#.# #


You could see Natasha and a cerulean imp (summoned).

Vanquished Creatures
  Natasha (D:2)
  3 adders
  A worm (D:2)
  2 endoplasms (D:1)
  2 giant cockroaches
  A goblin (D:1)
  7 hobgoblins
  2 kobolds (D:1)
  3 quokkas
  3 ball pythons (D:1)
  3 bats
  A frilled lizard (D:1)
  5 rats
34 creatures vanquished.

Notes
Turn   | Place    | Note
-------+----------+-------------------------------------------
     0 | D:1      | qw the Gargoyle Fighter began the quest for the Orb.
     0 | D:1      | Reached XP level 1. HP: 14/14 MP: 1/1
     0 | D:1      | 0 ||| qw: Version: 0.2-a-98-g5d7165a
     0 | D:1      | 0 ||| qw: Game counter: 86
     0 | D:1      | 0 ||| qw: Always use a shield: true
     0 | D:1      | 0 ||| qw: God list: Okawaru
     0 | D:1      | 0 ||| qw: Allow faded altars: false
     0 | D:1      | 0 ||| qw: Do Orc after D:15 true
     0 | D:1      | 0 ||| qw: Do second Lair branch before Depths: true
     0 | D:1      | 0 ||| qw: Lair rune preference: random
     0 | D:1      | 0 ||| qw: Plans: Normal, Zot:1-4, God:TSO, Crypt, Tomb,
                  | Pan, Slime:5, Hells, Abyss, Win
     0 | D:1      | 0 ||| PLANNING D:1-11
    36 | D:1      | Reached skill level 2 in Axes
   123 | D:1      | 123 ||| Stepping ~*~*~tactically~*~*~ (stealth).
   129 | D:1      | Reached XP level 2. HP: 19/19 MP: 2/2
   432 | D:1      | Reached skill level 3 in Axes
   526 | D:1      | Reached XP level 3. HP: 19/23 MP: 3/3
   546 | D:1      | 546 ||| UPGRADING to +0 plate armour.
   556 | D:1      | 556 ||| DROPPING +0 scale mail.
   557 | D:1      | 557 ||| DROPPING ring of flight.
   558 | D:1      | 558 ||| READING scroll labelled HOC KERCHALAQ.
   559 | D:1      | 559 ||| READING 3 scrolls labelled EPTUKI LOPOI.
   560 | D:1      | 560 ||| READING 3 scrolls labelled ESAYXE XYNNISH.
   561 | D:1      | 561 ||| READING 2 scrolls of identify.
   561 | D:1      | 561 ||| IDENTIFYING bubbling pink potion
   562 | D:1      | 562 ||| DROPPING 2 scrolls of fog.
   584 | D:2      | 584 ||| STAIRDANCE
   776 | D:2      | 776 ||| Stepping ~*~*~tactically~*~*~ (hiding).
   784 | D:2      | 784 ||| STAIRDANCE
   861 | D:2      | Reached XP level 4. HP: 28/28 MP: 4/4
   893 | D:2      | 893 ||| DROPPING +1 hand axe of venom.
   895 | D:2      | Noticed Natasha
   904 | D:2      | HP: 7/28 [Natasha/bolt of dispelling energy (14)]
   906 | D:2      | HP: 3/28 [cerulean imp/+1 spear[Natasha] (5)]
   907 | D:2      | Killed Natasha
   908 | D:2      | Reached skill level 4 in Axes
   930 | D:2      | Noticed Natasha
   932 | D:2      | HP: 1/28 [Natasha/bolt of dispelling energy (8)]
   935 | D:2      | Killed from afar by Natasha

Levels and vault maps discovered:
D:1:      dpeg_arrival_stonehenge_8_columns, layout_rooms, dk_noncrumbling_3
D:2:      layout_rooms, nicolae_ecumenical_oubliette, uniq_natasha

Skill      XL: |  1  2  3  4 |
---------------+-------------+-----
Axes           | 2 3 4 |  4.2
Fighting       | |  3.2
Armour         | |  3.2
Shields        | |  3.2

Action                     |  1- 3 |  4- 6 || total
---------------------------+-------+-------++-------
  Melee: War axe           |   138 |    13 ||   151
    Use: Scroll            |     4 |       ||     4
 Armour: Scale mail        |    37 |       ||    37
         Plate armour      |    51 |     9 ||    60
  Dodge: Dodged            |    63 |     4 ||    67
  Block: Buckler           |    24 |     6 ||    30

Table legend:
 A = Non-vault XP
 B = Vault XP
 C = Vault XP percentage of total XP
 D = Non-vault monster count
 E = Vault monster count
 F = Vault count percentage of total count
                 A         B        C        D         E       F
            +---------+---------+-------+---------+---------+-------
      Total |      93 |      36 |  27.9 |      33 |       1 |   2.9
            +---------+---------+-------+---------+---------+-------
        D:1 |      51 |       0 |   0.0 |      24 |       0 |   0.0
        D:2 |      42 |      36 |  46.2 |       9 |       1 |  10.0
            +---------+---------+-------+---------+---------+-------
